 Dungeon Sprint DCSS version 0.30-a0-51-g784eafce7f (webtiles) character file.

Game seed: 14431083961738166942

186 Ankalagon the Cruncher (level 5, -2/38 HPs)
             Began as a Demigod Wanderer on Sept 5, 2022.
             Slain by a necrophage (4 damage)
             ... in the Dungeon (Sprint II: "The Violet Keep of Menkaure").
             The game lasted 00:00:49 (34 turns).

Ankalagon the Cruncher (Demigod Wanderer)             Turns: 34, Time: 00:00:49

Health: -2/38      AC:  3    Str: 12    XL:     5   Next: 15%
Magic:  9/9        EV: 16    Int: 13    God:
Gold:   0          SH:  0    Dex: 19    Spells: 5/6 levels left

rFire   . . .      SeeInvis .    a - +0 quarterstaff
rCold   . . .      Faith    .    (shield currently unavailable)
rNeg    . . .      Spirit   .    d - +0 robe
rPois   .          Reflect  .    (no helmet)
rElec   .          Harm     .    (no cloak)
rCorr   .          Rampage  .    (no gloves)
Will    .....      NoTele   +    b - +0 pair of boots
Stlth   ++........               (no amulet)
HPRegen 0.12/turn                (no ring)
MPRegen 0.11/turn                (no ring)

@: on berserk cooldown, slowed, very slow
A: high MP 1, forlorn, divine attributes
a: no special abilities


You were in the Dungeon.
You visited 1 branch

Inventory:

Hand Weapons
 a - a +0 quarterstaff (weapon)
Armour
 b - a +0 pair of boots (worn)
 d - a +0 robe (worn)
Scrolls
 c - 2 scrolls of blinking
Potions
 g - a potion of haste
 h - 2 potions of magic


   Skills:
 + Level 8.1 Staves
 + Level 7.2 Dodging
 - Level 1.0 Spellcasting
 - Level 1.7 Air Magic
 - Level 1.7 Evocations


You had 5 spell levels left.
You knew the following spells:

 Your Spells              Type           Power      Damage    Failure   Level
a - Shock                 Conj/Air       8%         1d3       21%         1

Your spell library contained the following spells:

 Spells                   Type           Power      Damage    Failure   Level
 Swiftness                Air            5%         N/A       38%         3
 Mephitic Cloud           Conj/Pois/Air  2%         N/A       54%         3


Dungeon Overview and Level Annotations

Branches:
Dungeon (1/1)


Innate Abilities, Weirdness & Mutations

You have an increased reservoir of magic. (+10% MP)
You shall have no god before yourself.
Your divine heritage dramatically boosts your attributes as you level up.


Message History

The necrophage is severely damaged.
The necrophage hits you but does no damage.
The necrophage hits you. The necrophage misses you. x2
You hit the necrophage.
The necrophage is almost destroyed.
The necrophage hits you.
* * * LOW HITPOINT WARNING * * *
The necrophage closely misses you.
You sock the necrophage!
You destroy the necrophage!
The necrophage hits you.
* * * LOW HITPOINT WARNING * * *
The necrophage barely misses you.
Your life force feels restored.
Your Staves skill increases to level 8!
Your Dodging skill increases to level 7!
You have reached level 5!
You feel better.
The necrophage hits you but does no damage.
You sock the necrophage!
The necrophage is moderately damaged.
The necrophage misses you.
You barely miss the necrophage.
The necrophage is moderately damaged.
The necrophage hits you!
* * * LOW HITPOINT WARNING * * *
The necrophage barely misses you.
Okay, then.
Okay, then.
Unknown command.
You hit the necrophage.
The necrophage is heavily damaged.
The necrophage barely misses you.
You hit the necrophage.
The necrophage is heavily damaged.
The necrophage barely misses you.
You closely miss the necrophage.
The necrophage is heavily damaged.
The necrophage closely misses you. The necrophage hits you.
You die...

## ##
##.
.##
..#..
.$.
#'#
##.##
+n<.+
##@##
#+#


You could see a necrophage.

Vanquished Creatures
  3 necrophages (D)
3 creatures vanquished.

Notes
Turn   | Place    | Note
-------+----------+-------------------------------------------
     0 | D        | Ankalagon the Demigod Wanderer began the quest for the Orb.
     0 | D        | Ankalagon set off with the following items: a +0
                  | quarterstaff, a +0 pair of boots, 2 scrolls of blinking, a
                  | +0 robe, a potion of curing, a potion of heal wounds, a
                  | potion of haste, 2 potions of magic, a potion of berserk
                  | rage; and the following spell memorised: Shock; and the
                  | following spells available to memorise: Swiftness, Mephitic
                  | Cloud.
     0 | D        | Reached XP level 1. HP: 14/14 MP: 4/4
     1 | D        | Noticed a necrophage
     1 | D        | Noticed a necrophage
     1 | D        | Noticed a necrophage
     1 | D        | Noticed a necrophage
    13 | D        | Killed a necrophage
    14 | D        | Reached skill level 6 in Staves
    14 | D        | Reached XP level 2. HP: 6/20 MP: 5/5
    14 | D        | Reached XP level 3. HP: 8/26 MP: 6/6
    21 | D        | Killed a necrophage
    22 | D        | Reached skill level 7 in Staves
    22 | D        | Reached XP level 4. HP: 2/33 MP: 8/8
    28 | D        | Killed a necrophage
    29 | D        | Reached skill level 8 in Staves
    29 | D        | Reached XP level 5. HP: 3/38 MP: 9/9
    31 | D        | HP: 1/38 [necrophage (7)]
    34 | D        | Slain by a necrophage

Illustrated notes

Levels and vault maps discovered:
D:        the_violet_keep_of_menkaure [sprint2_stairs_cluster_1,
          sprint2_shoproom, sprint2_temple, sprint2_basic_supplies,
          sprint2_obstacle_6, sprint2_obstacle_1, sprint2_obstacle_3,
          sprint2_obstacle_7, sprint2_obstacle_2, sprint2_timed_cluster_1,
          sprint2_smallroom_cluster_1, sprint2_smallroom_final_cluster_1,
          sprint2_transparent_cluster_1, sprint2_second_timed_cluster_1,
          sprint2_sniper_area_1, sprint2_heavy_combat_area_1,
          sprint2_mutation_trap_area_1, sprint2_forest_area_1,
          sprint2_light_combat_area_1, sprint2_behind_water_1,
          sprint2_near_end_vault_1]

Skill      XL: |  1  2  3  4 |
---------------+-------------+-----
Staves         | 6 7 8 |  8.1
Dodging        | 4 6 7 |  7.2
Spellcasting   | |  1.0
Air Magic      | |  1.7
Evocations     | |  1.7

Action                   |  1- 3 |  4- 6 || total
-------------------------+-------+-------++-------
Melee: Quarterstaff      |    16 |    10 ||    26
  Use: Potion            |     1 |     2 ||     3
Armor: Robe              |     1 |     2 ||     3
Dodge: Dodged            |     2 |    12 ||    14

Table legend: (Time is in decaauts)
 A = Elapsed time spent in this place.
 B = Non-inter-level travel time spent in this place.
 C = Inter-level travel time spent in this place.
 D = Time resting spent in this place.
 E = Time spent auto-exploring this place.
 F = Levels seen in this place.
 G = Mean time per level.
                   A        B        C        D        E       F      G
               +--------+--------+--------+--------+--------+-----+--------+
         Total |     32 |     32 |      0 |      0 |      0 |   1 |   32.0 |
       Dungeon |     32 |     32 |      0 |      0 |      0 |   1 |   32.0 |
               +--------+--------+--------+--------+--------+-----+--------+

Top non-repeatable levels by time:
       D: 32 daAuts
